 Dungeon Crawl Stone Soup version 0.29-a0-982-gaed3a0c8d8 (webtiles) character file.

Game seed: 16931545740346756691

70 Newt the Insei (level 4, 0/25 HPs)
             Began as an Octopode Transmuter on Aug 1, 2022.
             Slain by a white imp (4 damage)
             ... on level 3 of the Dungeon.
             The game lasted 00:04:20 (2072 turns).

Newt the Insei (Octopode Transmuter)                Turns: 2072, Time: 00:04:20

Health: 0/25       AC:  1    Str: 11    XL:     4   Next: 21%
Magic:  0/7        EV: 13    Int: 15    God:
Gold:   61         SH:  0    Dex: 12    Spells: 4/7 levels left

rFire   . . .      SeeInvis .   j - +1 quick blade
rCold   . . .      Faith    .   (no shield)
rNeg    . . .      Spirit   +   (helmet currently unavailable)
rPois   +          Reflect  .   c - amulet of guardian spirit
rElec   .          Harm     .   d - ring of poison resistance
rCorr   .          Rampage  .   (no ring)
Will    .....                   (no ring)
Stlth   +++.......              (no ring)
HPRegen 0.08/turn               (no ring)
MPRegen 0.10/turn               (no ring)
                                (no ring)
                                (no ring)

@: appendages, wereblooded
A: tentacle spike 3, almost no armour, amphibious, 8 rings, camouflage 1,
gelatinous body 1, (nimble swimmer 1), tentacles, frail 1, wild magic 1
a: End Transformation


You were on level 3 of the Dungeon.
One of your tentacles had grown a beastly spike.
You visited 1 branch of the dungeon, and saw 3 of its levels.

You collected 61 gold pieces.

Inventory:

Hand Weapons
 j - a +1 quick blade (weapon)
Armour
 g - a +0 cloak
Jewellery
 c - an amulet of guardian spirit (around mantle)
 d - a ring of poison resistance (left tentacle)
 e - an amulet of magic regeneration
Scrolls
 b - 4 scrolls of noise {unknown}
 k - a scroll of vulnerability {unknown}
 l - a scroll of fog {unknown}
 m - 2 scrolls of teleportation {unknown}
Potions
 a - 2 potions of lignification
 f - 2 potions of flight
 h - a potion of curing {unknown}
 i - a potion of attraction {unknown}
 n - a potion of heal wounds {unknown}


   Skills:
 + Level 1.2 Fighting
 + Level 0.5 Short Blades
 + Level 2.4 Dodging
 + Level 2.1 Stealth
 + Level 3.4 Unarmed Combat
 + Level 2.4 Spellcasting
 + Level 2.3 Transmutations
 * Level 1.0 Poison Magic


You had 4 spell levels left.
You knew the following spells:

 Your Spells              Type           Power      Damage    Failure   Level
a - Beastly Appendage     Tmut           22%        N/A       13%         1
b - Wereblood             Tmut           11%        N/A       17%         2

Your spell library contained the following spells:

 Spells                   Type           Power      Damage    Failure   Level
 Spider Form              Tmut/Pois      8%         N/A       41%         3
 Ice Form                 Ice/Tmut       6%         N/A       85%         4


Dungeon Overview and Level Annotations

Branches:
Dungeon (3/15)

Altars:

Annotations:
D:3 Natasha; Never's ghost, amateur DrEn


Innate Abilities, Weirdness & Mutations

One of your tentacles has grown a beastly spike.
You cannot wear most types of armour.
You are amphibious.
You can wear up to eight rings at the same time.
Your skin changes colour to match your surroundings (Stealth+).
Your rubbery body absorbs attacks. (AC +1, EV +1)
((You are camouflaged when in or above water. (Stealth+)))
You have tentacles for arms and can constrict up to eight enemies at once.
You are frail. (-10% HP)
Your spells are a little harder to cast, but a little more powerful.


Message History

Casting: Beastly Appendage (safe; 13% risk of failure)
Confirm with . or Enter, or press ? or * to list all spells.
Your blood is infused with primal strength.
As you open the gate, it creaks loudly!
You hear an angry hiss.
You hit the adder simulacrum. You grab the adder simulacrum.
The adder simulacrum is almost destroyed.
You constrict the adder simulacrum.
The adder simulacrum vaporises!
Really walk into that cloud of freezing vapour? [Y]es or [N]o only, please.
Really walk into that cloud of freezing vapour?
Okay, then.
Natasha, Servant of Life and Death comes into view.
The white imp hits you. The white imp freezes you.
There is an open translucent gate here.
You hit the white imp but do no damage. Your grab misses the white imp.
Your tentacle spike misses the white imp.
Your squeeze misses the white imp.
Never's ghost points at you and mumbles some strange words.
You resist with significant effort. The white imp barely misses you.
You hit the white imp but do no damage. Your grab misses the white imp.
The white imp gestures at you. The puff of frost hits you!
You barely miss the white imp. You grab the white imp.
You pierce the white imp, but do no damage.
You constrict the white imp, but do no damage.
Natasha casts a spell at you. The magic dart hits you!
* * * LOW HITPOINT WARNING * * *
You hit the white imp.
You pierce the white imp, but do no damage.
The white imp is lightly wounded.
You constrict the white imp.
Never's ghost points at you and mumbles some strange words.
You resist with significant effort.
The white imp grinds its teeth.
The white imp hits you.
* * * LOW HITPOINT WARNING * * *
The white imp freezes you.
You die...

........#####
.............##
.......#####...##
.....###
..###...##########
....##
....###........h>.
....#
#....##.##.....##
###.# #
#..$.#.##.#.#.# #.# .#
..##..Z#....h.#
#.##Z#... #..5@.##.#.#
#..#...=. #...'....#.#
###..#.....##...'.##.#
#
....##.....#....#....#
....#W....##....#.####
....#ZZ.###W...##.#
...)##$......:##..#
...).# .5...###..##
...).## #####...###


You could see Natasha, Never's ghost, a white imp and a scorpion simulacrum.

Vanquished Creatures
  3 gnolls (D:3)
  2 worms (D:2)
  An adder simulacrum (D:3)
  3 ball pythons
  6 endoplasms
  2 goblins
  4 hobgoblins
  4 kobolds
  A quokka (D:2)
  3 bats
  6 frilled lizards
35 creatures vanquished.

Notes
Turn   | Place    | Note
-------+----------+-------------------------------------------
     0 | D:1      | Newt the Octopode Transmuter began the quest for the Orb.
     0 | D:1      | Reached XP level 1. HP: 13/13 MP: 3/3
   288 | D:1      | Reached XP level 2. HP: 14/18 MP: 1/5
   291 | D:1      | Learned a level 2 spell: Wereblood
   835 | D:2      | Reached XP level 3. HP: 15/23 MP: 0/6
   972 | D:2      | Reached skill level 1 in Stealth
   979 | D:2      | Gained mutation: You have very sharp teeth. [potion of
                  | mutation]
  1060 | D:2      | Found a faded altar of an unknown god.
  1548 | D:2      | Lost mutation: You have very sharp teeth. [potion of
                  | mutation]
  1548 | D:2      | Gained mutation: You are frail. (-10% HP) [potion of
                  | mutation]
  1548 | D:2      | Gained mutation: Your spells are a little harder to cast,
                  | but a little more powerful. [potion of mutation]
  1772 | D:3      | Noticed Never's ghost (amateur DrEn)
  1790 | D:3      | Reached skill level 1 in Poison Magic
  1790 | D:3      | Reached XP level 4. HP: 8/25 MP: 1/7
  2045 | D:3      | Found a runed translucent gate.
  2045 | D:3      | Found a runed translucent gate.
  2045 | D:3      | Found a runed translucent gate.
  2067 | D:3      | Noticed Natasha
  2072 | D:3      | Slain by a white imp

Illustrated notes

Levels and vault maps discovered:
D:1:      elethiomel_arrival_infinity_welcomes_careful_drivers, layout_basic
D:2:      layout_loops_ring, hellmonk_ecumenical_altar_arch_garden,
          minmay_hexomino_u4
D:3:      layout_basic, gammafunk_ghost_icy, uniq_natasha

Skill      XL: |  1  2  3 |
---------------+----------+-----
Stealth        | 2 |  2.1
Poison Magic   | 1 |  1.0
Fighting       | |  1.2
Short Blades   | |  0.5
Dodging        | |  2.4
Unarmed Combat | |  3.4
Spellcasting   | |  2.4
Transmutations | |  2.3

Action                   |  1- 3 |  4- 6 || total
-------------------------+-------+-------++-------
Melee: Unarmed           |    26 |       ||    26
       Constrict         |    17 |     4 ||    21
       Tentacles         |    15 |     1 ||    16
       Kick              |    11 |     2 ||    13
       Quick blade       |    46 |    11 ||    57
       Punch             |     3 |     1 ||     4
       Bite              |     1 |       ||     1
 Cast: Beastly Appendage |     8 |     1 ||     9
       Wereblood         |     2 |     1 ||     3
  Use: Scroll            |     3 |       ||     3
       Potion            |     2 |       ||     2
 Stab: Sleeping          |     8 |       ||     8
Armor: Skin              |     2 |       ||     2
Dodge: Dodged            |    30 |     2 ||    32

Table legend: (Time is in decaauts)
 A = Elapsed time spent in this place.
 B = Non-inter-level travel time spent in this place.
 C = Inter-level travel time spent in this place.
 D = Time resting spent in this place.
 E = Time spent auto-exploring this place.
 F = Levels seen in this place.
 G = Mean time per level.
                   A        B        C        D        E       F      G
               +--------+--------+--------+--------+--------+-----+--------+
         Total |   2051 |   2044 |      7 |    648 |   1046 |   3 |  683.7 |
       Dungeon |   2051 |   2044 |      7 |    648 |   1046 |   3 |  683.7 |
               +--------+--------+--------+--------+--------+-----+--------+

Top non-repeatable levels by time:
     D:2: 843 daAuts
     D:1: 735 daAuts
     D:3: 472 daAuts
